AoeStats
← demultiplexor

Arena

510800065Analyzed
3v3 RM · 8h ago on Oct 2, 2026· 18m 9s· 6 players
Game mode
Random Map
Map size
Normal (6 player)
Population
200
Speed
Normal
Resources
Standard
Victory
Conquest
Starting age
Dark Age
Ending age
Imperial Age
RankedLock teamsTeams togetherTeam positionsShared explorationLock speedFull tech treeHidden civsTurbo modeCheats
Victory
Defeat
🇧🇷 Japanese · Brazil
889
+35
🇧🇷 Cumans · Brazil
821
+15
🇧🇷 Italians · Brazil
806
+15
🇨🇿 Wei · Czechia
795
-14
🇨🇿 Romans · Czechia
794
-14
🇨🇿 Bohemians · Czechia
789
-14
KALTON69
2:49 Loom
10:51 Feudal Age
11:16 Man-at-Arms
11:42 Arson
13:42 Town Watch
14:40 Scale Mail Armor
18:17 Forging
Bruno
10:01 Feudal Age
dhenyer
12:32 Feudal Age
12:38 Man-at-Arms
14:53 Forging
14:49 Scale Mail Armor
demultiplexor
5:48 Loom
11:48 Feudal Age
12:35 Double-Bit Axe
12:32 Horse Collar
20:03 Castle Age
lukasus
9:41 Loom
11:30 Feudal Age
13:25 Gold Mining
17:37 Castle Age
15:46 Horse Collar
15:59 Double-Bit Axe
17:43 Stone Mining
TomasJ
10:56 Feudal Age
11:31 Loom
12:33 Double-Bit Axe
12:31 Horse Collar
15:37 Loom
18:23 Castle Age
16:12 Loom
Connection lost

Rejoining the realm…

Still unreachable

The connection could not be restored.

Session expired

The server has moved on; the page needs a fresh start.